 Dungeon Crawl Stone Soup version 0.25.0-46-gbd7b0854d2 (console) character file.

Game seed: 4150853958311596220

14 Colgate the Vexing (level 2, 23/23 HPs)
             Began as a Gnoll Arcane Marksman on July 12, 2020.
             Got out of the dungeon alive.
             The game lasted 00:07:50 (121 turns).

Colgate the Vexing (Gnoll Arcane Marksman)           Turns: 121, Time: 00:07:50

Health: 23/23      AC:  2    Str: 12    XL:     2   Next: 45%
Magic:  5/5        EV: 14    Int: 15    God:
Gold:   0          SH:  0    Dex: 15    Spells: 5/6 levels left

rFire    . . .     SeeInvis .   a - +0 hand crossbow
rCold    . . .     Gourm    .   (no shield)
rNeg     . . .     Faith    .   e - +0 robe
rPois    .         Spirit   .   (no helmet)
rElec    .         Reflect  .   (no cloak)
rCorr    .         Harm     .   (no gloves)
MR       .....                  (no boots)
Stlth    ++........             (no amulet)
HPRegen  0.07/turn              (no ring)
MPRegen  0.09/turn              (no ring)

@: no status effects
A: distributed training, fangs 1, strong nose
a: no special abilities


You escaped.
You were not hungry.

You visited 1 branch of the dungeon, and saw 1 of its levels.

Inventory:

Hand Weapons
 a - a +0 hand crossbow (weapon)
 g - a +0 club
Missiles
 d - 17 bolts (quivered)
Armour
 e - a +0 robe (worn)
 i - a cursed +0 ring mail
Wands
 h - a wand of polymorph (11)
Potions
 b - a potion of brilliance {unknown}
Comestibles
 c - 7 chunks of flesh
 f - a ration


   Skills:
 + Level 2.5 Fighting
 + Level 0.4 Short Blades
 + Level 0.4 Long Blades
 + Level 0.4 Axes
 + Level 0.4 Maces & Flails
 + Level 0.4 Polearms
 + Level 0.4 Staves
 + Level 0.4 Slings
 + Level 0.4 Bows
 + Level 4.5 Crossbows
 + Level 0.4 Throwing
 + Level 0.4 Armour
 + Level 4.5 Dodging
 + Level 0.4 Stealth
 + Level 0.4 Shields
 + Level 0.4 Unarmed Combat
 + Level 2.7 Spellcasting
 + Level 0.2 Conjurations
 + Level 5.3 Hexes
 + Level 0.2 Charms
 + Level 0.2 Summonings
 + Level 0.2 Necromancy
 + Level 0.2 Translocations
 + Level 0.2 Transmutations
 + Level 0.2 Fire Magic
 + Level 0.2 Ice Magic
 + Level 0.2 Air Magic
 + Level 0.2 Earth Magic
 + Level 0.2 Poison Magic
 + Level 0.5 Invocations
 + Level 0.4 Evocations


You had 5 spell levels left.
You knew the following spells:

 Your Spells              Type           Power        Failure   Level  Hunger
a - Corona                Hex            ###....      2%          1    #......

Your spell library contained the following spells:

 Spells                   Type           Power        Failure   Level  Hunger
 Slow                     Hex            ###.....     3%          2    ##.....
 Inner Flame              Hex/Fire       ##......     19%         3    ###....
 Portal Projectile        Hex/Tloc       ##....       19%         3    ###....
 Cause Fear               Hex            ###.......   22%         4    #####..
 Leda's Liquefaction      Hex/Erth       ##........   54%         4    #####..


Dungeon Overview and Level Annotations

Branches:
Dungeon (1/15)

Altars:


Innate Abilities, Weirdness & Mutations

Your experience applies equally to all skills.
You have very sharp teeth.
Your uncanny sense of smell can sniff out nearby items.


Message History

There is an open door here.
You see here a ring mail.
i - a ring mail Unknown command.
No monsters, items or features are visible.
Unknown command.
Welcome back, Colgate the Gnoll Arcane Marksman.
Press ? for a list of commands and other information.
Okay, then.
There is an open door here.
There is an open door here.
Items here: ) ÷÷÷ a cursed -1 club; a bat skeleton; a hobgoblin skeleton; a frilled lizard skeleton You enter the shallow water.
Moving in this stuff is going to be slow.
You enter the shallow water.
Moving in this stuff is going to be slow.
There is a staircase leading out of the dungeon here.
Are you sure you want to leave the Dungeon?
This will make you lose the game!
You have escaped!

... ∆ #..###++#####
#.8.......≈≈##
#.≈≈≈≈≈≈..≈≈#
#≈≈≈...≈≈..≈#
#≈≈..≈..≈≈.≈#..
#≈..≈≈≈.≈≈.≈#..
#≈.≈≈.@.≈≈.≈#.#
#≈.≈≈.≈≈≈..≈#.#######
#≈.≈≈..≈..≈≈#..##...##
#≈..≈≈...≈≈≈#........##
#≈≈..≈≈≈≈≈≈.#.........#
##≈≈.......8..........#
#####++###...........#
#......÷...##
#.....#....#
#..##.####.## .....[..#
#...


There were no monsters in sight!

Vanquished Creatures
  3 dart slugs (D:1)
  A bat (D:1)
  A goblin (D:1)
  2 hobgoblins (D:1)
  A frilled lizard (D:1)
8 creatures vanquished.

Notes
Turn   | Place    | Note
-------+----------+-------------------------------------------
     0 | D:1      | Colgate the Gnoll Arcane Marksman began the quest for the
                  | Orb.
     0 | D:1      | Reached XP level 1. HP: 17/17 MP: 4/4
    49 | D:1      | Reached XP level 2. HP: 21/23 MP: 5/5
   121 | D:$      | Got out of the dungeon alive.

Illustrated notes

Levels and vault maps discovered:
D:1:      psy_arrival_whirlpool, layout_rooms, nrook_campfire, st_stairs_10,
          amethyst_killhole, chequers_mini_garden, dk_noncrumbling_3

Action                   || total
-------------------------++-------
 Fire: Hand crossbow     ||    18
Armor: Robe              ||     1
Dodge: Dodged            ||     4
